AoeStats
← Niko0

Lombardia

510246984Analyzed
4v4 RM · 21h ago on Sep 30, 2026· 37m 6s· 8 players
Game mode
Random Map
Map size
Large (8 player)
Population
200
Speed
Normal
Resources
Standard
Victory
Conquest
Starting age
Dark Age
Ending age
Imperial Age
RankedLock teamsTeams togetherTeam positionsShared explorationLock speedFull tech treeHidden civsTurbo modeCheats
Victory
Defeat
🇲🇽 Varangians · Mexico
1063
+13
🇨🇳 Spanish · China
1048
+14
🇺🇸 Khmer · United States
1010
+15
🇨🇳 Persians · China
1009
+15
🇨🇳 Georgians · China
1068
-16
🇲🇽 Bulgarians · Mexico
1005
-15
🇹🇷 Huns · Türkiye
959
-13
🇦🇷 Vikings · Argentina
959
-13
sabin
11:09 Feudal Age
12:13 Double-Bit Axe
12:26 Horse Collar
14:28 Loom
19:30 Castle Age
17:58 Stone Mining
18:00 Gold Mining
19:48 Forging
19:44 Scale Barding Armor
20:52 Pikeman
22:09 Bloodlines
22:21 Bow Saw
22:14 Heavy Plow
26:19 Iron Casting
25:58 Scale Mail Armor
25:59 Squires
26:37 Husbandry
25:58 Light Cavalry
28:02 Fletching
36:10 Vendel Legacy
40:15 Imperial Age
38:20 Wheelbarrow
37:31 Town Watch
vivazqu
12:57 Feudal Age
16:07 Castle Age
15:04 Double-Bit Axe
17:10 Horse Collar
17:25 Stone Mining
18:50 Heavy Plow
19:44 Gold Mining
21:56 Town Watch
22:50 Wheelbarrow
24:05 Gold Shaft Mining
25:45 Town Patrol
26:52 Hand Cart
27:35 Scale Barding Armor
27:40 Forging
27:55 Fletching
29:56 Bow Saw
30:24 Stone Shaft Mining
29:54 Light Cavalry
32:10 Chain Barding Armor
32:49 Iron Casting
34:49 Scale Mail Armor
34:46 Bodkin Arrow
37:30 Imperial Age
36:58 Ballistics
vper1490
7:35 Loom
10:34 Feudal Age
11:04 Double-Bit Axe
12:47 Horse Collar
18:57 Wheelbarrow
21:37 Castle Age
20:22 Bloodlines
21:10 Scale Barding Armor
21:18 Forging
21:40 Gold Mining
23:28 Chain Barding Armor
23:37 Husbandry
33:22 Iron Casting
38:58 Imperial Age
八十万禁军教头
10:55 Feudal Age
12:30 Loom
15:24 Castle Age
13:54 Horse Collar
14:53 Double-Bit Axe
17:43 Scale Barding Armor
24:01 Heavy Plow
27:20 Wheelbarrow
27:09 Bow Saw
29:10 Hand Cart
28:50 Fletching
29:00 Padded Archer Armor
28:50 Fletching
29:00 Padded Archer Armor
28:50 Fletching
33:56 Imperial Age
32:27 Husbandry
32:25 Gold Mining
32:25 Stone Mining
34:23 Ballistics
34:40 Leather Archer Armor
34:20 Bodkin Arrow
34:40 Leather Archer Armor
34:20 Bodkin Arrow
35:46 Bloodlines
35:15 Elite Conquistador
37:02 Chemistry
GueroPalma2504
12:33 Feudal Age
15:41 Loom
16:20 Bloodlines
19:31 Castle Age
18:29 Double-Bit Axe
18:26 Horse Collar
21:12 Wheelbarrow
21:32 Husbandry
26:04 Town Watch
32:40 Stirrups
33:00 Heavy Plow
33:57 Scale Barding Armor
36:22 Chain Barding Armor
36:13 Forging
Mr.Curiosity
0:29 Loom
10:03 Feudal Age
8:19 Loom
12:09 Double-Bit Axe
16:14 Horse Collar
21:40 Castle Age
19:34 Gold Mining
19:40 Stone Mining
22:14 Forging
21:55 Fletching
22:20 Bloodlines
24:16 Bow Saw
24:47 Scale Barding Armor
25:18 Iron Casting
32:45 Wheelbarrow
31:56 Town Watch
32:43 Chain Barding Armor
32:13 Fletching
37:13 Imperial Age
36:07 Hand Cart
36:56 Town Patrol
SongForBob
8:03 Loom
11:41 Feudal Age
18:04 Castle Age
16:29 Scale Barding Armor
17:48 Double-Bit Axe
17:44 Horse Collar
24:19 Chain Barding Armor
24:42 Bow Saw
26:02 Wheelbarrow
26:14 Pikeman
28:22 Scale Mail Armor
29:18 Fletching
31:24 Forging
Niko0
9:07 Loom
11:00 Feudal Age
12:22 Horse Collar
12:33 Double-Bit Axe
18:45 Castle Age
18:51 Castle Age
18:50 Town Watch
25:49 Forging
26:29 Pikeman
Connection lost

Rejoining the realm…

Still unreachable

The connection could not be restored.

Session expired

The server has moved on; the page needs a fresh start.